 Dungeon Sprint DCSS version 0.28-a0-410-gbef64dd269 (webtiles) character file.

Game seed: 12576321300535797777

1599 Zeld the Cleaver (level 8, -2/77 HPs)
             Began as a Minotaur Berserker on Sept 6, 2021.
             Was a High Priest of Trog.
             Killed from afar by an electric eel (10 damage)
             ... with a bolt of electricity
             ... in the Dungeon (Sprint II: "The Violet Keep of Menkaure").
             The game lasted 00:02:54 (2947 turns).

Zeld the Cleaver (Minotaur Berserker)               Turns: 2947, Time: 00:02:55

Health: -2/77      AC:  2    Str: 23    XL:     8   Next: 62%
Magic:  6/6        EV: 14    Int:  4    God:    Trog [*****.]
Gold:   590        SH:  0    Dex:  9    Spells: 7/7 levels left

rFire   . . .      SeeInvis .   a - +0 hand axe
rCold   . . .      Faith    .   (no shield)
rNeg    . . .      Spirit   .   b - +0 animal skin
rPois   .          Reflect  .   (helmet restricted)
rElec   .          Harm     .   (no cloak)
rCorr   .          Rampage  .   (no gloves)
Will    .....      NoTele   +   (no boots)
Stlth   +.........              (no amulet)
HPRegen 0.22/turn               (no ring)
MPRegen 0.10/turn               (no ring)

@: very slow
A: horns 2, retaliatory headbutt, clumsy 1, frail 1, low mp 1, subdued magic 1
a: Renounce Religion, Berserk, Trog's Hand, Brothers in Arms


You were in the Dungeon.
You worshipped Trog.
Trog was extremely pleased with you.
You visited 1 branch You collected 972 gold pieces.
You spent 382 gold pieces at shops.

Inventory:

Hand Weapons
 a - a +0 hand axe (weapon)
Armour
 b - a +0 animal skin (worn)
Scrolls
 h - a scroll of blinking
 i - a scroll of identify {unknown}
 k - a scroll of summoning
Potions
 c - a potion of curing
 d - 4 potions of heal wounds
 e - a potion of haste
 f - 2 potions of magic
 g - a potion of berserk rage
 j - 2 potions of might


   Skills:
 * Level 13.4 Fighting
 * Level 13.5 Axes
 + Level 9.8 Armour
 + Level 9.0 Dodging


You had 7 spell levels left.
You didn't know any spells.
Your spell library was empty.

Dungeon Overview and Level Annotations

Branches:
Dungeon (1/1)

Altars:

Shops:
D [:(**?:(![?=!=:

Annotations:
D exclusion: oklob plant


Innate Abilities, Weirdness & Mutations

You have a pair of horns on your head.
You reflexively headbutt those who attack you in melee.
You are clumsy. (Dex -2)
You are frail. (-10% HP)
Your magical capacity is low. (-10% MP)
Your spells are a little easier to cast, but a little less powerful.


Message History

You feel yourself speed up.
You start resting.
You recover from your berserk rage.
You start resting.
You start resting.
You start resting.
You see here a wyvern corpse.
Found 243 gold pieces.
You now have 590 gold pieces (gained 243).
You see here a wyvern corpse.
There is an open door, spattered with blood here.
You see here a wyvern corpse.
There is an open door, spattered with blood here.
You see here a wyvern skeleton.
There is an open door, spattered with blood here.
You open the door.
The electric eel shoots out a bolt of lightning at you!
The bolt of electricity hits you!
The electric eel shoots out a bolt of lightning at you!
The bolt of electricity hits you!
The electric eel shoots out a bolt of lightning at you!
The bolt of electricity hits the electric eel.
The electric eel completely resists.
The bolt of electricity hits you!
The electric eel shoots out a bolt of lightning at you!
The bolt of electricity hits the electric eel.
The electric eel completely resists.
The bolt of electricity hits you!
The electric eel shoots out a bolt of lightning at you!
The bolt of electricity hits you!
There is an open door here.
You enter the shallow water.
Moving in this stuff is going to be slow.
The electric eel shoots out a bolt of lightning at you!
The bolt of electricity hits you!
* * * LOW HITPOINT WARNING * * *
The electric eel shoots out a bolt of lightning at you!
The bolt of electricity hits you!
* * * LOW HITPOINT WARNING * * *
The electric eel shoots out a bolt of lightning at you!
The bolt of electricity misses you. The bolt of electricity hits you!
You die... ..∩.∩...#≈#.#.##.##.#.# .∩.∩....'≈'.##'.<.÷###+ ∩.......#≈#..###.##÷#.# ▓▓▓▓▓▓###≈##.###'###.## $ss######≈≈####.#.#### !GG#ll

##≈≈≈#..#..# ≈ ∩P!+l.#'
#+#≈##...## ≈≈§
:..#?##§##.#≈≈##§##≈≈≈≈§
$$.###§≈§####≈≈≈@≈≈≈≈≈§≈
#+###§§≈§ #'§§#§§'#≈§§
#§§;;;;;# #§§§;;§;;≈#
§§≈§§§§§§≈≈≈+
§##§§§§§§≈≈≈##
##≈§≈§§≈≈## ####+####


You could see 9 electric eels.

Vanquished Creatures
  A blink frog (D)
  2 wyverns (D)
  4 neqoxecs (D)
  Menkaure (D)
  4 necrophages (D)
  4 scorpions (D)
16 creatures vanquished.

Vanquished Creatures (others)
  A water moccasin (D)
1 creature vanquished.

Grand Total: 17 creatures vanquished

Notes
Turn   | Place    | Note
-------+----------+-------------------------------------------
     0 | D        | Zeld the Minotaur Berserker began the quest for the Orb.
     0 | D        | Reached XP level 1. HP: 19/19 MP: 0/0
     1 | D        | Noticed a scorpion
     1 | D        | Noticed a scorpion
     5 | D        | Noticed a wyvern
     5 | D        | Noticed a wyvern
     9 | D        | Noticed a necrophage
     9 | D        | Noticed a necrophage
     9 | D        | Noticed a necrophage
     9 | D        | Noticed a necrophage
    18 | D        | Killed a necrophage
    19 | D        | Reached XP level 2. HP: 13/31 MP: 1/1
    19 | D        | Reached XP level 3. HP: 16/38 MP: 2/2
    19 | D        | Reached XP level 4. HP: 19/45 MP: 3/3
    23 | D        | Killed a necrophage
    24 | D        | Reached skill level 5 in Armour
    24 | D        | Reached skill level 5 in Dodging
    24 | D        | Reached XP level 5. HP: 25/55 MP: 4/4
    26 | D        | Killed a necrophage
    26 | D        | Reached ** piety under Trog
    27 | D        | Killed a necrophage
    28 | D        | Reached skill level 10 in Axes
    28 | D        | Reached XP level 6. HP: 14/66 MP: 5/5
    46 | D        | Killed a water moccasin
   325 | D        | Noticed a neqoxec
   331 | D        | Noticed a neqoxec
   332 | D        | Killed a neqoxec
   333 | D        | Reached skill level 10 in Fighting
   336 | D        | Gained mutation: Your magical capacity is low. (-10% MP) [a
                  | neqoxec]
   339 | D        | Gained mutation: You are clumsy. (Dex -2) [a neqoxec]
   349 | D        | Gained mutation: Your spells are a little easier to cast,
                  | but a little less powerful. [a neqoxec]
   350 | D        | HP: 3/67 [neqoxec (6)]
   351 | D        | Killed a neqoxec
   351 | D        | Reached *** piety under Trog
   352 | D        | Reached XP level 7. HP: 4/74 MP: 5/5
   472 | D        | Noticed a neqoxec
   479 | D        | Killed a neqoxec
   684 | D        | Noticed a neqoxec
   691 | D        | Gained mutation: You are frail. (-10% HP) [a neqoxec]
   693 | D        | Killed a neqoxec
  2053 | D        | Found Juxovese's Distillery.
  2053 | D        | Found Bub Pann's Book Emporium.
  2053 | D        | Found Ymeza Elle's Jewellery Shoppe.
  2053 | D        | Found Seluug's Jewellery Shoppe.
  2053 | D        | Found Foahiuts's Magic Scroll Emporium.
  2060 | D        | Found Hueffeju's Antique Armour Emporium.
  2060 | D        | Found Wiuxuz's Distillery.
  2060 | D        | Found Judaef's Antique Weapon Emporium.
  2060 | D        | Found Cocs's Book Shoppe.
  2061 | D        | Found Adenwigin's Magic Scroll Shoppe.
  2061 | D        | Found Dojor's Assorted Antiques.
  2061 | D        | Noticed Menkaure
  2061 | D        | Noticed a redback
  2061 | D        | Noticed a blink frog
  2074 | D        | Killed a blink frog
  2079 | D        | Killed Menkaure
  2079 | D        | Reached **** piety under Trog
  2080 | D        | Reached XP level 8. HP: 76/76 MP: 6/6
  2183 | D        | Found Bimo's Assorted Antiques.
  2183 | D        | Found Dinuz's Antique Weapon Emporium.
  2183 | D        | Noticed an oklob plant
  2184 | D        | Found Gecro's Antique Armour Shoppe.
  2184 | D        | Found Hoxawn's Book Shoppe.
  2186 | D        | Noticed a shining eye
  2226 | D        | Noticed a shining eye
  2226 | D        | Noticed a shining eye
  2247 | D        | Bought a potion of heal wounds for 60 gold pieces
  2247 | D        | Bought 2 potions of heal wounds for 120 gold pieces
  2255 | D        | Bought a potion of might for 44 gold pieces
  2255 | D        | Bought a potion of might for 44 gold pieces
  2261 | D        | Bought a scroll of summoning for 114 gold pieces
  2735 | D        | Reached ***** piety under Trog
  2947 | D        | Killed from afar by an electric eel

Illustrated notes

Levels and vault maps discovered:
D:        the_violet_keep_of_menkaure [sprint2_stairs_cluster_1,
          sprint2_shoproom, sprint2_temple, sprint2_basic_supplies,
          sprint2_obstacle_7, sprint2_obstacle_1, sprint2_obstacle_5,
          sprint2_obstacle_4, sprint2_obstacle_2, sprint2_timed_cluster_1,
          sprint2_smallroom_cluster_1, sprint2_smallroom_final_cluster_1,
          sprint2_transparent_cluster_1, sprint2_second_timed_cluster_1,
          sprint2_sniper_area_1, sprint2_heavy_combat_area_1,
          sprint2_mutation_trap_area_1, sprint2_forest_area_1,
          sprint2_light_combat_area_1, sprint2_behind_water_1,
          sprint2_near_end_vault_1]

Skill      XL: |  1  2  3  4  5  6  7  8 |
---------------+-------------------------+-----
Fighting       | 6 8 9 11 12 13 | 13.4
Axes           | 6 8 10 11 12 13 | 13.5
Armour         | 4 5 6 7 9 |  9.8
Dodging        | 4 5 6 7 8 9 |  9.0

Action                   |  1- 3 |  4- 6 |  7- 9 || total
-------------------------+-------+-------+-------++-------
Melee: Hand axe          |     6 |    26 |    30 ||    62
       Headbutt          |     2 |     6 |     5 ||    13
Invok: Berserk           |     1 |     1 |     5 ||     7
Armor: Animal skin       |       |     1 |     1 ||     2
Dodge: Dodged            |     3 |     9 |    10 ||    22

Table legend: (Time is in decaauts)
 A = Elapsed time spent in this place.
 B = Non-inter-level travel time spent in this place.
 C = Inter-level travel time spent in this place.
 D = Time resting spent in this place.
 E = Time spent auto-exploring this place.
 F = Levels seen in this place.
 G = Mean time per level.
                   A        B        C        D        E       F      G
               +--------+--------+--------+--------+--------+-----+--------+
         Total |   3013 |   3013 |      0 |   2757 |      0 |   1 | 3013.0 |
       Dungeon |   3013 |   3013 |      0 |   2757 |      0 |   1 | 3013.0 |
               +--------+--------+--------+--------+--------+-----+--------+

Top non-repeatable levels by time:
       D: 3013 daAuts
